 Dungeon Crawl Stone Soup version bcrawl-1.34.4 (webtiles) character file.

Game seed: 15492701081640115014

282031 KristoblXynda the Cleaver (level 9, -3/65 HPs)
             Began as a Demonspawn Gladiator on Nov 4, 2021.
             Was a Follower of Okawaru.
             Slain by Menkaure (18 damage)
             ... on level 7 of the Dungeon.
             The game lasted 00:07:15 (6949 turns).

KristoblXynda the Cleaver (Demonspawn Gladiator)    Turns: 6949, Time: 00:07:15

Health: -3/65      AC: 13    Str: 18    XL:     9   Next: 61%
Magic:  9/9        EV: 12    Int: 10    God:    Okawaru [*.....]
Gold:   436        SH:  0    Dex: 14    Spells: 8/8 levels left

rFire    . . .     SeeInvis .   a - +1 war axe
rCold    . . .     Gourm    .   (no shield)
rNeg     . . .     Faith    .   f - +0 chain mail
rPois    .         Spirit   .   (helmet restricted)
rElec    .         Reflect  .   (no cloak)
rCorr    .         Harm     .   s - +0 pair of gloves
MR       .....                  (no boots)
Stlth    ..........             (no amulet)
HPRegen  0.20/turn              i - +2 ring of evasion
MPRegen  0.11/turn              (no ring)

@: corroded
A: antennae 2, iridescent scales 3, nightstalker 1
a: Heroism, Renounce Religion


You were on level 7 of the Dungeon.
You worshipped Okawaru.
Okawaru was aware of your devotion.
You were hungry.

You visited 1 branch of the dungeon, and saw 7 of its levels.

You collected 436 gold pieces.

Inventory:

Hand Weapons
 a - a +1 war axe (weapon)
Missiles
 d - 4 throwing nets (quivered) {=f}
Armour
 f - a +0 chain mail (worn)
 s - a +0 pair of gloves (worn)
Jewellery
 i - a +2 ring of evasion (left hand)
Wands
 b - a wand of disintegration (13)
Scrolls
 h - 2 scrolls of amnesia {unknown}
 j - 3 scrolls of fog
 k - a scroll of enchant weapon
 n - 2 scrolls of remove curse
 p - a scroll of enchant armour {unknown}
 u - 3 scrolls of teleportation
Potions
 c - 2 potions of flight
 g - a potion of lignification
 l - a potion of invisibility
 m - 2 potions of agility
 q - 2 potions of mutation {unknown}
 r - 2 potions of curing
 t - a potion of cancellation {unknown}
 v - a potion of ambrosia {unknown}
 w - a potion of might {unknown}
 x - a potion of brilliance
 z - a potion of degeneration {unknown}
 A - a potion of resistance {unknown}
Comestibles
 e - 10 rations {!d}
 B - 2 chunks of flesh


   Skills:
 - Level 3.8 Fighting
 * Level 9.1 Axes
 - Level 2.0 Throwing
 + Level 5.8 Armour
 + Level 6.6 Dodging


You had 8 spell levels left.
You didn't know any spells.
Your spell library contained the following spells:

 Spells                   Type           Power        Failure   Level  Hunger
 Magic Dart               Conj           #...         99%         1    None
 Blink                    Tloc           N/A          99%         2    ####...
 Call Imp                 Summ           #.....       99%         2    ####...
 Confuse                  Hex            #.......     100%        3    #####..
 Conjure Flame            Conj/Fire      #.......     100%        3    #####..
 Dazzling Orbs            Conj/Hex       #......      100%        3    #####..
 Mephitic Cloud           Conj/Pois/Air  #.......     100%        3    #####..
 Spider Form              Tmut/Pois      #..          100%        3    #####..
 Petrify                  Tmut/Erth      #.........   100%        4    ######.
 Yara's Violent Unravell  Hex/Tmut       #.........   100%        4    ######.
 Metabolic Englaciation   Hex/Ice        #.........   100%        5    #######
 Mana Rupture             Conj/Hex       #.........   100%        7    #######


Dungeon Overview and Level Annotations

Branches:
Dungeon (7/12)             Temple (0/1) D:7
   Lair: D:7-9

Altars:
Elyvilon
Fedhas
Okawaru
Vehumet
Wu Jian
Yredelemnul
The Shining One

Shops:
D:4 =

Annotations:
D:7 Menkaure


Innate Abilities, Weirdness & Mutations

You have a pair of antennae on your head.
You are completely covered in iridescent scales. (AC +6)
You are slightly more attuned to the shadows.


Message History

Menkaure hits you. The jelly closely misses you.
Your chain mail prevents you from hitting Menkaure.
Menkaure is moderately damaged.
You hit the jelly.
Your hands burn!
Menkaure calls on the powers of darkness!
The jelly convulses!
Your body is wracked with pain!
* * * LOW HITPOINT WARNING * * *
The jelly closely misses you.
You slash Menkaure!
Menkaure is severely damaged.
You slash the jelly!
You kill the jelly!
Okawaru accepts your kill. Menkaure closely misses you. Menkaure hits you.
* * * LOW HITPOINT WARNING * * *
You are feeling hungry.
You hit Menkaure.
Menkaure is almost destroyed.
Menkaure hits you!!
You die...

####...##.###........##
......P#...#P.......##
.........>....###..##
####..P#...#P#######
#...##.#####..#
#....P.P..##..#
##.###........# #####.#
#######..# #.....# #.@#
#.....# #.M# #.....#
#... #.....# #....
..รท...# #..... #######
#...... ########


You could see Menkaure.

Vanquished Creatures
  Sigmund (D:4)
  3 yaks (D:7)
  2 orc warriors
  3 phantoms
  A sky beast (D:7)
  4 ogres
  A necrophage (D:7)
  A centaur (D:7)
  A bullfrog (D:6)
  2 big kobolds
  2 scorpions
  2 howler monkeys
  3 orc priests
  4 crimson imps
  A jelly (D:7)
  A centaur zombie (D:5)
  4 hounds
  3 centaur skeletons
  2 bullfrog skeletons
  3 orc wizards
  An iguana (D:5)
  9 worker ants
  3 hound zombies
  A hound skeleton (D:4)
  3 worker ant zombies
  5 adders
  A shadow imp (D:6)
  An ooze (D:3)
  An adder skeleton (D:4)
  3 worms
  2 leopard geckos (D:1)
  10 orcs
  4 giant cockroaches
  4 goblins
  8 hobgoblins
  8 jackals
  4 quokkas
  2 ball pythons
  5 bats
  8 frilled lizards
  A jackal zombie (D:5)
  16 kobolds
  A quokka zombie (D:5)
  5 rats
150 creatures vanquished.

Notes
Turn   | Place    | Note
-------+----------+-------------------------------------------
     0 | D:1      | KristoblXynda the Demonspawn Gladiator began the quest for
                  | the Orb.
     0 | D:1      | Reached XP level 1. HP: 18/18 MP: 1/1
    40 | D:1      | Gained mutation: You are partially covered in iridescent
                  | scales. (AC +2) [demonic ancestry]
    40 | D:1      | Reached XP level 2. HP: 12/24 MP: 2/2
    48 | D:1      | HP: 1/24 [rat (2)]
   261 | D:1      | Reached skill level 3 in Axes
   753 | D:1      | Gained mutation: You have a pair of small antennae on your
                  | head. [demonic ancestry]
   753 | D:1      | Reached XP level 3. HP: 25/29 MP: 3/3
  1232 | D:2      | Reached skill level 1 in Armour
  1421 | D:2      | Found a glowing golden altar of the Shining One.
  1477 | D:2      | Found a blossoming altar of Fedhas.
  1527 | D:2      | Reached XP level 4. HP: 35/35 MP: 4/4
  1714 | D:2      | Found a white marble altar of Elyvilon.
  2292 | D:3      | Found an ornate altar of the Wu Jian Council.
  2497 | D:3      | Found a radiant altar of Vehumet.
  2878 | D:3      | Gained mutation: You are mostly covered in iridescent
                  | scales. (AC +4) [demonic ancestry]
  2878 | D:3      | Reached XP level 5. HP: 42/42 MP: 5/5
  3001 | D:4      | Reached skill level 4 in Axes
  3044 | D:4      | Gained mutation: You are slightly more attuned to the
                  | shadows. [demonic ancestry]
  3044 | D:4      | Reached XP level 6. HP: 27/48 MP: 6/6
  3465 | D:4      | Found Juppowku's Jewellery Boutique.
  3602 | D:4      | Noticed Sigmund
  3689 | D:4      | Reached skill level 5 in Axes
  3782 | D:4      | Killed Sigmund
  3783 | D:4      | Reached XP level 7. HP: 53/53 MP: 7/7
  4029 | D:5      | Entered Level 5 of the Dungeon
  4176 | D:5      | Found a basalt altar of Yredelemnul.
  4278 | D:5      | Reached skill level 6 in Axes
  5078 | D:5      | Gained mutation: You are completely covered in iridescent
                  | scales. (AC +6) [demonic ancestry]
  5078 | D:5      | Reached XP level 8. HP: 29/60 MP: 8/8
  5415 | D:5      | Reached skill level 5 in Dodging
  5935 | D:6      | Reached skill level 7 in Axes
  6215 | D:7      | Reached skill level 8 in Axes
  6215 | D:7      | Reached skill level 5 in Armour
  6215 | D:7      | Gained mutation: You have a pair of antennae on your head.
                  | [demonic ancestry]
  6215 | D:7      | Reached XP level 9. HP: 56/65 MP: 9/9
  6319 | D:7      | Found an iron altar of Okawaru.
  6343 | D:7      | Became a worshipper of Warmaster Okawaru
  6664 | D:7      | Reached * piety under Okawaru
  6767 | D:7      | Found a staircase to the Ecumenical Temple.
  6805 | D:7      | Reached skill level 9 in Axes
  6939 | D:7      | Noticed Menkaure
  6949 | D:7      | Slain by Menkaure

Skill      XL: |  1  2  3  4  5  6  7  8  9 |
---------------+----------------------------+-----
Throwing       | 2 |  2.0
Axes           | 3 4 5 6 8 9 |  9.1
Dodging        | 3 4 5 6 |  6.6
Armour         | 1 2 3 5 |  5.8
Fighting       | |  3.8

Action                   |  1- 3 |  4- 6 |  7- 9 || total
-------------------------+-------+-------+-------++-------
Melee: War axe           |   106 |   123 |   374 ||   603
  Use: Scroll            |     1 |     6 |     3 ||    10
       Potion            |       |     2 |     5 ||     7
 Stab: Sleeping          |       |     3 |     3 ||     6
  Eat: Chunk             |     5 |    11 |    14 ||    30
       Ration            |       |       |     2 ||     2
Armor: Leather armour    |    49 |    37 |    28 ||   114
       Chain mail        |       |       |   144 ||   144
       Skin              |       |       |     8 ||     8
Dodge: Dodged            |    93 |    75 |   264 ||   432
